 Dungeon Crawl Stone Soup version 0.31-a0-640-g39d97e502b (webtiles) character file.

Game seed: 14464200893805823891

1015 qw the Skirmisher (level 8, -5/51 HPs)
             Began as a Gargoyle Hunter on Aug 27, 2023.
             Was an Initiate of Okawaru.
             Slain by Duvessa
             ... wielding a +0 short sword
              (10 damage)
             ... on level 5 of the Dungeon.
             The game lasted 00:01:21 (3072 turns).

qw the Skirmisher (Gargoyle Hunter)                 Turns: 3072, Time: 00:01:22

Health: -5/51      AC: 12    Str: 15    XL:     8   Next: 21%
Magic:  7/8        EV: 11    Int: 10    God:    Okawaru [......]
Gold:   207        SH:  0    Dex: 15    Spells: 7/7 levels left

rFire   . . .        g - +0 shortbow (heavy)
rCold   . . .        (shield currently unavailable)
rNeg    + . .        a - +0 ring mail
rPois   inf          h - +0 helmet
rElec   +            (no cloak)
rCorr   .            (no gloves)
SInv    .            (no boots)
Will    .....        (no amulet)
Stlth   +            (no ring)
HPRegen 0.28/turn    (no ring)
MPRegen 0.11/turn

%: no passive effects
@: no status effects
A: sickness immunity, AC +5, negative energy resistance 1, electricity
resistance, torment resistance 1, petrification resistance
a: Renounce Religion


You were on level 5 of the Dungeon.
You worshipped Okawaru.
Okawaru was noncommittal.
You visited 2 branches of the dungeon, and saw 6 of its levels.

You collected 259 gold pieces.
You spent 52 gold pieces at shops.


Innate Abilities, Weirdness & Mutations

You are immune to sickness and miasma.
Your stone body is resilient. (AC +5)
You are immune to poison.
You resist negative energy. (rN+)
You are resistant to electric shocks. (rElec)
You are resistant to unholy torment.
You are immune to petrification.


   Skills:
 - Level 5.7 Fighting
 + Level 8.2 Ranged Weapons
 - Level 2.1 Armour
 - Level 2.6 Dodging
 - Level 1.1 Stealth


You had 7 spell levels left.
You didn't know any spells.
Your spell library was empty.

Inventory:

Hand Weapons
 g - a +0 heavy shortbow (weapon)
Armour
 a - a +0 ring mail (worn)
 h - a +0 helmet (worn)
Scrolls
 b - a scroll of brand weapon
 d - 4 scrolls of identify
Potions
 c - a potion of might
 f - a potion of mutation
 j - a potion of cancellation
 k - a potion of haste
 l - a potion of magic {unknown}
 m - 2 potions of curing

Dungeon Overview and Level Annotations

Branches:
Dungeon (5/15)             Temple (1/1) D:5

Altars:
Ashenzari
Cheibriados
Elyvilon
Fedhas
Hepliaklqana
Makhleb
Nemelex Xobeh
Okawaru
Qazlal
Ru
Sif Muna
Trog
Vehumet
Wu Jian
Xom
Yredelemnul
Zin
The Shining One

Shops:
D:1 ?

Annotations:
D:5 Duvessa


Message History

Duvessa goes berserk!
Duvessa barely misses you. x2
3062 ||| INVOKING Heroism.
You gain the combat prowess of a mighty hero.
You can no longer gain great but temporary skills.
Duvessa closely misses you. Duvessa completely misses you.
You shoot an arrow. The arrow hits Duvessa.
Duvessa is lightly wounded.
Duvessa hits you with a +0 short sword!
You shoot an arrow. The arrow hits Duvessa!
Duvessa is moderately wounded.
Duvessa hits you with a +0 short sword. x2
You shoot an arrow.
The arrow hits Duvessa but does no damage.
Duvessa is moderately wounded.
Duvessa closely misses you. Duvessa hits you with a +0 short sword.
You shoot an arrow. The arrow hits Duvessa.
Duvessa is moderately wounded.
Duvessa hits you with a +0 short sword. Duvessa misses you.
You shoot an arrow. The arrow hits Duvessa.
Duvessa is heavily wounded.
Duvessa closely misses you. Duvessa hits you but does no damage.
You shoot an arrow.
The arrow hits Duvessa but does no damage.
Duvessa is heavily wounded.
Duvessa hits you but does no damage. Duvessa hits you with a +0 short sword.
You shoot an arrow. The arrow barely misses Duvessa.
Duvessa misses you.
You shoot an arrow. The arrow hits Duvessa!
Duvessa is heavily wounded.
You feel like a meek peon again.
Duvessa hits you with a +0 short sword. x2
3071 ||| DRINKING potion of heal wounds.
You feel much better. Duvessa hits you with a +0 short sword.
Duvessa hits you with a +0 short sword!
You shoot an arrow.
The arrow hits Duvessa but does no damage.
Duvessa is heavily wounded.
Duvessa hits you with a +0 short sword! x2
You die...

.. #.. #...
##.... #.....
### ##...#
#.## ##e)..#
##.## ##.@..#
##.####....##
##.#.....##
##......# #
##....## #
##..## ##
#..# .. #.
##.## .....
#. #..##
...... #.


You could see Duvessa (berserk, fast).

Vanquished Creatures
  Sigmund (D:3)
  Edmund (D:5)
  A black bear (D:5)
  An ogre (D:4)
  2 phantoms (D:4)
  A scorpion (D:5)
  Dowan (D:5)
  A jelly (D:4)
  A hound (D:3)
  Ijyb (D:3)
  2 iguanas (D:5)
  4 gnolls (D:4)
  3 adders
  A white imp (D:5)
  An ufetubus (D:5)
  2 worms
  2 dart slugs (D:1)
  6 orcs
  6 ball pythons
  6 endoplasms
  4 giant cockroaches
  4 goblins
  7 hobgoblins
  2 jackals (D:1)
  10 kobolds
  3 quokkas
  6 bats
  A frilled lizard (D:3)
  6 rats
87 creatures vanquished.

Notes
Turn   | Place    | Note
-------+----------+-------------------------------------------
     0 | D:1      | qw the Gargoyle Hunter began the quest for the Orb.
     0 | D:1      | Reached XP level 1. HP: 12/12 MP: 1/1
     0 | D:1      | 0 ||| qw: Version: 0.3-a-74-g0d5e918
     0 | D:1      | 0 ||| qw: Game counter: 78
     0 | D:1      | 0 ||| qw: Melee chars always use a shield: true
     0 | D:1      | 0 ||| qw: God list: Okawaru
     0 | D:1      | 0 ||| qw: Allow faded altars: false
     0 | D:1      | 0 ||| qw: Do Orc after clearing Dungeon:15 true
     0 | D:1      | 0 ||| qw: Do second Lair branch before Depths: true
     0 | D:1      | 0 ||| qw: Lair rune preference: random
     0 | D:1      | 0 ||| qw: Goals: Normal
     0 | D:1      | 0 ||| PLANNING D:1-11
    48 | D:1      | Reached XP level 2. HP: 17/17 MP: 2/2
   240 | D:1      | Found Ompank's Magic Scroll Shoppe.
   265 | D:1      | Reached XP level 3. HP: 21/21 MP: 3/3
   318 | D:1      | 318 ||| SHOPLISTING scroll of brand weapon (123 gold, have
                  | 59).
   318 | D:1      | 318 ||| SHOPLISTING scroll of enchant weapon (97 gold, have
                  | 59).
   318 | D:1      | 318 ||| BUYING scroll of identify (26 gold).
   318 | D:1      | Bought a scroll of identify for 26 gold pieces
   318 | D:1      | 318 ||| BUYING scroll of identify (26 gold).
   318 | D:1      | Bought a scroll of identify for 26 gold pieces
   351 | D:1      | Reached skill level 5 in Ranged Weapons
   367 | D:1      | Found a faded altar of an unknown god.
   486 | D:1      | 486 ||| UPGRADING to +0 helmet.
   491 | D:1      | 491 ||| READING scroll labelled EXEZ HOOFAYH.
   492 | D:1      | 492 ||| READING scroll labelled USUALI MAYN.
   493 | D:1      | 493 ||| READING 4 scrolls of identify.
   493 | D:1      | 493 ||| IDENTIFYING dark potion
   494 | D:1      | 494 ||| DROPPING scroll of butterflies.
   508 | D:2      | 508 ||| STAIRDANCE
   524 | D:2      | 524 ||| STAIRDANCE
   534 | D:1      | Reached skill level 3 in Fighting
   639 | D:2      | Reached XP level 4. HP: 28/28 MP: 4/4
   888 | D:2      | 888 ||| UPGRADING to +0 ring mail.
   898 | D:2      | 898 ||| DROPPING +0 leather armour.
   899 | D:2      | 899 ||| DROPPING ring of wizardry.
   900 | D:2      | 900 ||| READING 2 scrolls labelled JIT RAREDWEHEO.
   903 | D:2      | 903 ||| DRINKING 2 murky ruby potions.
   962 | D:3      | Noticed Ijyb
   964 | D:3      | 964 ||| FLEEEEING.
   966 | D:3      | 966 ||| FLEEEEING.
   967 | D:3      | 967 ||| FLEEEEING.
   968 | D:3      | 968 ||| FLEEEEING.
   970 | D:3      | 970 ||| FLEEEEING.
   972 | D:3      | 972 ||| FLEEEEING.
   974 | D:3      | 974 ||| FLEEEEING.
   975 | D:3      | 975 ||| FLEEEEING.
   976 | D:3      | 976 ||| FLEEEEING.
   977 | D:3      | 977 ||| FLEEEEING.
   978 | D:3      | 978 ||| FLEEEEING.
   979 | D:3      | 979 ||| FLEEEEING.
   980 | D:3      | 980 ||| FLEEEEING.
   981 | D:3      | 981 ||| FLEEEEING.
   982 | D:3      | 982 ||| FLEEEEING.
   983 | D:3      | 983 ||| FLEEEEING.
   984 | D:3      | 984 ||| FLEEEEING.
   985 | D:3      | 985 ||| FLEEEEING.
   986 | D:3      | 986 ||| FLEEEEING.
   992 | D:3      | Killed Ijyb
   993 | D:3      | Reached skill level 1 in Armour
   999 | D:3      | Reached XP level 5. HP: 32/32 MP: 5/5
  1286 | D:3      | Noticed Sigmund
  1290 | D:3      | 1290 ||| DRINKING potion of curing.
  1290 | D:3      | 1290 ||| (to cure confusion)
  1298 | D:3      | Killed Sigmund
  1299 | D:3      | Reached skill level 6 in Ranged Weapons
  1299 | D:3      | Reached XP level 6. HP: 36/37 MP: 6/6
  1592 | D:3      | 1592 ||| READING scroll labelled JOHENESAOJ.
  1593 | D:3      | 1593 ||| READING scroll labelled WEAQEARIGIO.
  1594 | D:3      | 1594 ||| DRINKING 2 bubbling inky potions.
  1595 | D:3      | 1595 ||| DRINKING 2 metallic golden potions.
  1596 | D:3      | 1596 ||| READING 6 scrolls of identify.
  1596 | D:3      | 1596 ||| IDENTIFYING fizzy ruby potion
  1857 | D:4      | Reached skill level 7 in Ranged Weapons
  1857 | D:4      | Reached XP level 7. HP: 18/43 MP: 7/7
  2016 | D:4      | 2016 ||| Stepping ~*~*~tactically~*~*~ (outnumbered).
  2024 | D:4      | Reached skill level 8 in Ranged Weapons
  2443 | D:4      | 2443 ||| READING 5 scrolls of identify.
  2443 | D:4      | 2443 ||| IDENTIFYING cyan potion
  2444 | D:4      | 2444 ||| READING 4 scrolls of identify.
  2444 | D:4      | 2444 ||| IDENTIFYING brown potion
  2445 | D:4      | 2445 ||| DROPPING potion of brilliance.
  2456 | D:5      | Entered Level 5 of the Dungeon
  2482 | D:5      | Found a shimmering blue altar of Sif Muna.
  2486 | D:5      | Found a burning altar of Makhleb.
  2503 | D:5      | Found a staircase to the Ecumenical Temple.
  2504 | D:5      | 2504 ||| PLANNING TEMPLE
  2511 | Temple   | Entered the Ecumenical Temple
  2512 | Temple   | 2512 ||| PLANNING OKAWARU WORSHIP
  2531 | Temple   | Became a worshipper of Warmaster Okawaru
  2532 | Temple   | 2532 ||| PLANNING D:1-11
  2703 | D:5      | Noticed Edmund
  2716 | D:5      | HP: 11/44 [Edmund/+3 dire flail of protection (2)]
  2717 | D:5      | 2717 ||| READING scroll of teleportation.
  2717 | D:5      | HP: 1/44 [Edmund/+3 dire flail of protection (7)]
  2718 | D:5      | 2718 ||| DRINKING 2 potions of heal wounds.
  2720 | D:5      | 2720 ||| FLEEEEING.
  2721 | D:5      | 2721 ||| FLEEEEING.
  2727 | D:5      | Killed Edmund
  2834 | D:5      | 2834 ||| RETREATING.
  2839 | D:5      | Reached XP level 8. HP: 51/51 MP: 8/8
  3055 | D:5      | Noticed Duvessa
  3055 | D:5      | Noticed Dowan
  3061 | D:5      | Killed Dowan
  3061 | D:5      | Reached * piety under Okawaru
  3062 | D:5      | 3062 ||| INVOKING Heroism.
  3070 | D:5      | HP: 10/51 [Duvessa/+0 short sword (6)]
  3071 | D:5      | 3071 ||| DRINKING potion of heal wounds.
  3072 | D:5      | Slain by Duvessa

Levels and vault maps discovered:
D:1:      ncdulo_watergridlock, layout_rooms,
          hellmonk_ecumenical_altar_crossroads, serial_shops,
          nicolae_shop_peninsula
D:2:      layout_rooms, minmay_misc_feat_five
D:3:      layout_loops_cross, uniq_ijyb, uniq_sigmund
D:4:      layout_basic, hangedman_decor_peaks_small
D:5:      layout_cave_pods, lemuel_mausoleum_altar_kikubaaqudgha,
          grunt_temple_overflow_open, minmay_temple_entry_offerings,
          uniq_eustachio, uniq_edmund, uniq_duvessa
Temple:   lightli_temple_of_artemis

Skill      XL: |  1  2  3  4  5  6  7  8 |
---------------+-------------------------+-----
Ranged Weapons | 5 6 7 8 |  8.2
Fighting       | 3 4 5 |  5.7
Armour         | 1 2 |  2.1
Dodging        | 2 |  2.6
Stealth        | |  1.1

Action                     |  1- 3 |  4- 6 |  7- 9 || total
---------------------------+-------+-------+-------++-------
   Fire: Shortbow          |    92 |    91 |   113 ||   296
 Invoke: Heroism           |       |       |     1 ||     1
    Use: Scroll            |     3 |     4 |     3 ||    10
         Potion            |       |     4 |     2 ||     6
 Armour: Leather armour    |    21 |       |       ||    21
         Ring mail         |       |    11 |    48 ||    59
  Dodge: Dodged            |    28 |    35 |    71 ||   134

Table legend:
 A = Non-vault XP
 B = Vault XP
 C = Vault XP percentage of total XP
 D = Non-vault monster count
 E = Vault monster count
 F = Vault count percentage of total count
                 A         B        C        D         E       F
            +---------+---------+-------+---------+---------+-------
      Total |     950 |     500 |  34.5 |      83 |       4 |   4.6
            +---------+---------+-------+---------+---------+-------
        D:1 |      59 |       0 |   0.0 |      24 |       0 |   0.0
        D:2 |      37 |       0 |   0.0 |      16 |       0 |   0.0
        D:3 |      65 |     267 |  80.4 |      16 |       2 |  11.1
        D:4 |     446 |       0 |   0.0 |      14 |       0 |   0.0
        D:5 |     343 |     233 |  40.5 |      13 |       2 |  13.3
            +---------+---------+-------+---------+---------+-------
